 Dungeon Crawl Stone Soup version 0.30-a0-1163-gf69bf04e7a (webtiles) character file.

Game seed: 8804423196144223640

990 hwolsky the Chopper (level 7, -7/63 HPs)
             Began as a Minotaur Fighter on Apr 28, 2023.
             Killed by divine providence
             ... invoked by an orc priest
              (11 damage)
             ... on level 6 of the Dungeon.
             The game lasted 00:09:22 (4735 turns).

hwolsky the Chopper (Minotaur Fighter)              Turns: 4735, Time: 00:09:23

Health: -7/63      AC: 14    Str: 22    XL:     7   Next: 98%
Magic:  6/6        EV:  9    Int:  5    God:
Gold:   241        SH:  5    Dex: 10    Spells: 6/6 levels left

rFire   . . .        a - +0 war axe
rCold   + . .        c - +0 buckler
rNeg    . . .        b - +0 scale mail
rPois   +            (helmet restricted)
rElec   .            (no cloak)
rCorr   .            n - +0 pair of gloves
SInv    .            m - +0 pair of boots
Will    .....        (no amulet) Stlth
                     k - ring of poison resistance
HPRegen 0.30/turn    (no ring)
MPRegen 0.10/turn

%: no passive effects
@: about to teleport
A: horns 2, retaliatory headbutt, iridescent scales 2, cold resistance 1, wild
magic 1
a: no special abilities


You were on level 6 of the Dungeon.
You visited 2 branches of the dungeon, and saw 7 of its levels.

You collected 241 gold pieces.

Inventory:

Hand Weapons
 a - a +0 war axe (weapon)
Missiles
 e - 8 boomerangs
 g - 15 poisoned darts (quivered)
Armour
 b - a +0 scale mail (worn)
 c - a +0 buckler (worn)
 m - a +0 pair of boots (worn)
 n - a +0 pair of gloves (worn)
Jewellery
 k - a ring of poison resistance (left hand)
Wands
 o - a wand of charming (30)
Scrolls
 l - a scroll of magic mapping
 v - a scroll of poison
Potions
 d - 2 potions of might
 f - a potion of curing
 h - 3 potions of cancellation {unknown}
 i - 4 potions of lignification
 j - a potion of brilliance
 p - 3 potions of heal wounds {unknown}
 r - a potion of invisibility {unknown}
 s - a potion of magic {unknown}


   Skills:
 + Level 6.1 Fighting
 * Level 7.3 Axes
 + Level 6.0 Armour
 + Level 6.1 Shields


You had 6 spell levels left.
You didn't know any spells.
Your spell library was empty.

Dungeon Overview and Level Annotations

Branches:
Dungeon (6/15)             Temple (1/1) D:4

Altars:
Cheibriados
Dithmenos
Fedhas
Gozag
Hepliaklqana
Nemelex Xobeh
Qazlal
Ru
Sif Muna
Trog
Uskayaw
Vehumet
Wu Jian
Zin
The Shining One


Innate Abilities, Weirdness & Mutations

You have a pair of horns on your head.
You reflexively headbutt those who attack you in melee.
You are mostly covered in iridescent scales. (AC +4)
Your flesh is cold resistant. (rC+)
Your spells are a little harder to cast, but a little more powerful.


Message History

You barely miss the gnoll bouda.
The gnoll bouda hits you but does no damage.
The gnoll closely misses you. The gnoll barely misses you.
You furiously retaliate!
You headbutt the gnoll.
The gnoll bouda hits you with a +0 club.
You slash the gnoll bouda!
You kill the gnoll bouda!
You slash the gnoll!
You kill the gnoll!
The gnoll hits you but does no damage.
You hit the orc wizard.
The orc wizard is severely wounded.
The gnoll hits you from afar with a +0 halberd.
The orc wizard points at you and mumbles some strange words.
The magic dart hits you.
You barely miss the orc wizard. Your headbutt misses the orc wizard.
The orc wizard is severely wounded.
You block the gnoll's attack.
The orc wizard gestures at you while chanting.
The magic dart hits you!
The gnoll hits you from afar with a +0 halberd!
* * * LOW HITPOINT WARNING * * *
The orc priest mumbles some strange prayers to Beogh against you.
Beogh smites you!
* * * LOW HITPOINT WARNING * * *
This is a scroll of acquirement!
Something appears at your feet! The orc wizard barely misses you.
You furiously retaliate!
You headbutt the orc wizard!
You kill the orc wizard!
As you read the scroll labelled IMASUF JOOXTIU, it crumbles to dust.
You feel a surge of unholy energy.
Something is bathed in an unholy light!
The orc convulses! x2; The orc priest convulses!
The orc convulses!
The gnoll convulses!
The orc convulses! x2; It was a scroll of torment.
As you read the scroll labelled ZUNUCO NEOJYQ, it crumbles to dust.
You feel strangely unstable.
It was a scroll of teleportation.
Something hits you but does no damage. Something hits you but does no damage.
The gnoll is no longer moving quickly.
The orc priest calls down the wrath of Beogh upon you.
Beogh smites you!
You die...

### #.. ..# #.# ##### #.# ##
#.# #... ... ...
#.######.########.# ## ....
#.#.............#.# .# .....
#.#.............#.# .#
.....o#o#)............#†#..#
.....ooogo$.@......####.#..#
#####.#)######.##.#........#
# #.# #.#..†.###.##.# #.#
#.#...........# #.#
#.#.#....#.##### #..
................ ..#
#.#.######.##### ...
..$.............#
###.#.######.###.#


You could see an orc priest, a gnoll and 5 orcs.

Vanquished Creatures
  An ice beast (D:5)
  An ogre (D:5)
  A bullfrog (D:6)
  3 scorpions
  3 hounds
  3 jellies
  A gnoll bouda (D:6)
  An iguana (D:4)
  4 orc wizards
  6 gnolls
  7 adders
  A shadow imp (D:6)
  An ufetubus (D:5)
  A dart slug (D:1)
  20 orcs
  5 ball pythons
  10 endoplasms
  A giant cockroach (D:3)
  5 goblins
  3 hobgoblins
  5 jackals
  2 quokkas
  9 bats
  3 frilled lizards
  9 kobolds
  A rat (D:1)
107 creatures vanquished.

Notes
Turn   | Place    | Note
-------+----------+-------------------------------------------
     0 | D:1      | hwolsky the Minotaur Fighter began the quest for the Orb.
     0 | D:1      | Reached XP level 1. HP: 19/19 MP: 0/0
   172 | D:1      | Found a faded altar of an unknown god.
   211 | D:1      | Reached XP level 2. HP: 27/27 MP: 1/1
   333 | D:1      | Reached skill level 3 in Axes
  1197 | D:2      | Reached XP level 3. HP: 33/33 MP: 2/2
  1404 | D:2      | Reached XP level 4. HP: 40/40 MP: 3/3
  1978 | D:3      | Noticed a scorpion
  1979 | D:3      | Reached skill level 4 in Axes
  1985 | D:3      | Identified the +0 leather armour of Dishonour {rElec rN+
                  | MP+9 Int+4}
  1995 | D:3      | Killed a scorpion
  1996 | D:3      | Reached XP level 5. HP: 23/47 MP: 4/4
  2137 | D:3      | Gained mutation: Your flesh is cold resistant. (rC+)
                  | [potion of mutation]
  2137 | D:3      | Gained mutation: Your spells are a little harder to cast,
                  | but a little more powerful. [potion of mutation]
  2137 | D:3      | Gained mutation: You are partially covered in iridescent
                  | scales. (AC +2) [potion of mutation]
  2137 | D:3      | Gained mutation: You are mostly covered in iridescent
                  | scales. (AC +4) [potion of mutation]
  2587 | D:3      | Found a stormy altar of Qazlal.
  2694 | D:4      | Reached skill level 5 in Axes
  3102 | D:4      | Found a staircase to the Ecumenical Temple.
  3113 | Temple   | Entered the Ecumenical Temple
  3194 | D:4      | Reached XP level 6. HP: 46/55 MP: 5/5
  3557 | D:4      | Reached skill level 5 in Fighting
  3557 | D:4      | Reached skill level 5 in Shields
  3678 | D:4      | Reached skill level 5 in Armour
  3809 | D:5      | Entered Level 5 of the Dungeon
  3881 | D:5      | Noticed an ice beast
  3890 | D:5      | Killed an ice beast
  3891 | D:5      | Reached skill level 6 in Axes
  3891 | D:5      | Reached XP level 7. HP: 55/61 MP: 6/6
  4335 | D:5      | Found a sparkling altar of Nemelex Xobeh.
  4351 | D:5      | Found a radiant altar of Vehumet.
  4615 | D:6      | Found a blossoming altar of Fedhas.
  4616 | D:6      | Found a sacrificial altar of Ru.
  4684 | D:6      | Reached skill level 7 in Axes
  4715 | D:6      | Identified the staff of cold "Raifur" {rC+ Will+}
  4730 | D:6      | HP: 2/63 [orc priest/divine providence (14)]
  4731 | D:6      | Identified a scroll of acquirement
  4731 | D:6      | Acquired 984 gold pieces
  4735 | D:6      | Killed from afar by an orc priest

Illustrated notes

Levels and vault maps discovered:
D:1:      scummos_arrival_simple_crosswalls, layout_basic,
          nicolae_ecumenical_lake_church, minmay_pentomino_q2
D:2:      layout_loops_corners
D:3:      layout_loops_ring, nicolae_qazlal_general_emergency
D:4:      layout_basic, minmay_temple_entry_metal_lava
D:5:      layout_loops_ring, kennysheep_little_box,
          mainiacjoe_overflow_tiny_flanked
D:6:      layout_basic, chequers_temple_overflow_statue_of_worship,
          gammafunk_temple_overflow_statue, enter_ossuary_4
Temple:   hellmonk_temple_micro_hex

Skill      XL: |  1  2  3  4  5  6  7 |
---------------+----------------------+-----
Axes           | 3 4 5 6 7 |  7.3
Fighting       | 4 5 6 |  6.1
Shields        | 4 5 6 |  6.1
Armour         | 4 5 6 |  6.0

Action                     |  1- 3 |  4- 6 |  7- 9 || total
---------------------------+-------+-------+-------++-------
  Melee: War axe           |    53 |   146 |    39 ||   238
         Headbutt          |     9 |    14 |     4 ||    27
    Use: Scroll            |     7 |     3 |     3 ||    13
         Potion            |       |     2 |     1 ||     3
 Armour: Scale mail        |    30 |   105 |    36 ||   171
  Dodge: Dodged            |    31 |    71 |    21 ||   123
  Block: Buckler           |    18 |    31 |     5 ||    54

Table legend: (Time is in decaauts)
 A = Elapsed time spent in this place.
 B = Non-inter-level travel time spent in this place.
 C = Inter-level travel time spent in this place.
 D = Time resting spent in this place.
 E = Time spent auto-exploring this place.
 F = Levels seen in this place.
 G = Mean time per level.
                   A        B        C        D        E       F      G
               +--------+--------+--------+--------+--------+-----+--------+
         Total |   4803 |   4619 |    184 |    122 |   3584 |   7 |  686.1 |
       Dungeon |   4801 |   4617 |    184 |    122 |   3584 |   6 |  800.2 |
        Temple |      1 |      1 |      0 |      0 |      0 |   1 |    1.0 |
               +--------+--------+--------+--------+--------+-----+--------+

Top non-repeatable levels by time:
     D:4: 1152 daAuts
     D:1: 968 daAuts
     D:2: 883 daAuts
     D:3: 859 daAuts
     D:5: 812 daAuts
     D:6: 124 daAuts
  Temple: 1 daAuts
